 Dungeon Crawl Stone Soup version 0.14-a0-1637-gd423c14 (webtiles) character file.

709 HollowCharge the Chopper (level 7, -2/62 HPs)
             Began as a Hill Orc Fighter on Dec 27, 2013.
             Slain by an orc warrior
             ... wielding a -1,+1 orcish long sword
              (7 damage)
             ... on Level 7 of the Dungeon.
             The game lasted 00:19:56 (2828 turns).

HollowCharge the Chopper (Hill Orc Fighter)         Turns: 2828, Time: 00:19:56

HP  -2/62        AC 15     Str 21      XL: 7   Next: 56%
MP   7/7         EV  7     Int  8      God:
Gold 49          SH  0     Dex  8      Spells:  0 memorised,  6 levels left

rFire  . . .     SeeInvis .     a - +0 orc hand axe
rCold  . . .     Clarity  .     b - +0 orc scale mail
rNeg   . . .     Conserve .     c - +0 orc shield
rPois  .         rCorr    .     x - +1 helmet
rElec  .         rRot     .     g - +1 dwarf cloak
SustAb . .       Spirit   .     v - +0 pair of gloves
rMut   .         Warding  .     (no boots)
Saprov + . .     Stasis   .     (no amulet)
                                (no ring)
                                l - ring of teleport control

@: confused, slightly resistant to hostile enchantments, extremely unstealthy
A: slimy green scales 1, clumsy 1, saprovore 1, wild magic 1
a: Convert to Beogh, Evoke Teleport Control


You were on level 7 of the Dungeon.
You were very hungry.

You visited 1 branch of the dungeon, and saw 6 of its levels.

You collected 162 gold pieces.
You spent 113 gold pieces at shops.

Inventory:

Hand weapons
 a - a +0,+0 orcish hand axe (weapon)
 A - a +0,+0 bardiche
Armour
 b - a +0 orcish scale mail (worn)
 c - a +0 orcish shield (worn)
 g - a +1 dwarven cloak (worn)
 v - a +0 pair of gloves (worn)
 x - a +1 helmet (worn)
Magical devices
 q - a wand of enslavement (18) {unknown}
Comestibles
 d - a meat ration
 h - 4 bread rations
 n - a choko
 r - an apple
 u - a banana
 B - a chunk of centaur flesh
Scrolls
 e - a scroll of remove curse {unknown}
 i - 2 scrolls of recharging {unknown}
 j - 3 scrolls of curse weapon {unknown}
 o - 4 scrolls of identify {unknown}
 s - a scroll of teleportation {unknown}
 y - a scroll of fog {unknown}
 z - a scroll of enchant weapon I {unknown}
Jewellery
 l - a ring of teleport control (left hand)
Potions
 p - a potion of confusion
 t - a potion of invisibility {unknown}
 w - a potion of cure mutation {unknown}


   Skills:
 * Level 5.9 Fighting
 * Level 6.4 Axes
 + Level 4.6 Armour
 + Level 2.0 Dodging
 + Level 4.9 Shields


You had 6 spell levels left.
You didn't know any spells.

Dungeon Overview and Level Annotations

Branches:
Dungeon (8/16)
 Temple: D:4-7         Lair: D:8-11

Altars:

Shops:
D:6 [[/


Innate Abilities, Weirdness & Mutations

You can tolerate rotten meat.
You are partially covered in slimy green scales (AC +2).
You are clumsy. (Dex -2)
Your spells are a little harder to cast, but a little more powerful.


Message History

Something smites you!
You barely miss the orc warrior.
The orc warrior is lightly wounded.
The orc warrior hits you with an orcish long sword.
The orc priest calls upon Beogh to heal the orc warrior.
The orc warrior's wounds heal themselves!
You closely miss the orc warrior. You block the orc warrior's attack.
You are confused.
It was a potion of confusion.
The orc warrior hits you with an orcish long sword.
* * * LOW HITPOINT WARNING * * *
The orc priest calls down the wrath of Beogh upon you.
Something smites you!
* * * LOW HITPOINT WARNING * * *
Ouch! The orc warrior closely misses you.
The orc warrior completely misses you.
You see here 27 sling bullets.
Ouch!
The orc warrior hits you with an orcish long sword!
You die...

########## #........##
..........###############
#.............oo@........
#..........)..####.......
#.#######..>........####
#.# #.....####...#
..#######.......... .#
........(.....####. .
..#######.....# ..#
#(###.# ..# #(# #.#


You could see an orc warrior and an orc priest.

Vanquished Creatures
  2 phantoms
  2 centaurs (D:7)
  Satan Claus (D:6)
  A giant frog (D:6)
  A crimson imp (D:7)
  A hound (D:7)
  An orc wizard (D:6)
  A worker ant (D:6)
  An adder (D:2)
  A giant mite (D:7)
  A giant gecko (D:2)
  3 orcs (D:6)
  8 bats
  6 hobgoblins
  6 jackals
  3 giant cockroaches (D:1)
  3 giant newts
  7 goblins
  7 kobolds
  2 rats
58 creatures vanquished.

Notes
Turn   | Place    | Note
--------------------------------------------------------------
     0 | D:1      | HollowCharge, the Hill Orc Fighter, began the quest for the Orb.
     0 | D:1      | Reached XP level 1. HP: 19/19 MP: 1/1
   339 | D:1      | Reached XP level 2. HP: 25/27 MP: 2/2
   824 | D:2      | Reached XP level 3. HP: 33/33 MP: 3/3
  1248 | D:2      | Reached skill level 4 in Axes
  1694 | D:3      | You fall through a shaft for 3 floors!
  1753 | D:6      | Reached XP level 4. HP: 40/40 MP: 4/4
  1821 | D:6      | Found Klatt's Antique Armour Shop.
  1843 | D:6      | Bought a pair of gloves for 21 gold pieces
  1870 | D:6      | Found Ojiogi's Armour Boutique.
  1883 | D:6      | Bought a +1 helmet for 92 gold pieces
  1909 | D:6      | Noticed a giant frog
  1919 | D:6      | Killed a giant frog
  1919 | D:6      | Reached skill level 1 in Dodging
  1919 | D:6      | Reached XP level 5. HP: 45/47 MP: 5/5
  1954 | D:6      | Noticed Satan Claus
  1971 | D:6      | Killed Satan Claus
  1971 | D:6      | Reached skill level 5 in Axes
  2004 | D:6      | Found Erin's Magical Wand Boutique.
  2009 | D:6      | Noticed a phantom
  2110 | D:6      | Reached XP level 6. HP: 53/55 MP: 6/6
  2298 | D:6      | Killed a phantom
  2298 | D:6      | Reached skill level 5 in Fighting
  2602 | D:7      | Reached skill level 6 in Axes
  2602 | D:7      | Reached XP level 7. HP: 54/61 MP: 7/7
  2799 | D:7      | Gained mutation: You are clumsy. (Dex -2) [potion of mutation]
  2799 | D:7      | Gained mutation: You are partially covered in slimy green scales (AC +2). [potion of mutation]
  2799 | D:7      | Gained mutation: Your spells are a little harder to cast, but a little more powerful. [potion of mutation]
  2799 | D:7      | HP: 3/62 [centaur (3)]
  2828 | D:7      | Slain by an orc warrior

Action                   |  1- 3 |  4- 6 |  7- 9 || total
-------------------------+-------+-------+-------++-------
Melee: Hand axe          |   132 |   174 |    27 ||   333
  Use: Potion            |       |       |     6 ||     6
       Scroll            |       |       |     4 ||     4
